 Dungeon Crawl Stone Soup version 0.32-a0-290-g598725c5f2 (webtiles) character file.

Game seed: 18181999030366018170

963 Dittersdorf the Covered (level 8, -2/51 HPs)
             Began as a Gargoyle Fighter on Feb 13, 2024.
             Slain by Prince Ribbit (8 damage)
             ... on level 5 of the Dungeon.
             The game lasted 00:05:12 (4719 turns).

Dittersdorf the Covered (Gargoyle Fighter)          Turns: 4719, Time: 00:05:12

Health: -2/51      AC: 17    Str: 22    XL:     8   Next: 15%
Magic:  8/8        EV:  8    Int:  9    God:
Gold:   281        SH: 10    Dex:  9    Spells: 7/7 levels left

rFire   + . .        a - +0 flail (drain)
rCold   + . .        c - +0 buckler
rNeg    + . .        m - +0 chain mail
rPois   ∞            (no helmet)
rElec   +            l - scarf {rC+ rF+}
rCorr   .            q - +0 pair of gloves
SInv    .            (no boots)
Will    +....        h - amulet of reflection Stlth
                     j - ring of willpower
HPRegen 0.28/turn    e - ring of wizardry
MPRegen 0.11/turn

%: reflection, wizardry (x1)
@: no status effects
A: sickness immunity, AC +5, negative energy resistance 1, electricity
resistance, torment resistance 1, petrification resistance
a: no special abilities


You were on level 5 of the Dungeon.
You visited 1 branch of the dungeon, and saw 5 of its levels.

You collected 281 gold pieces.

Inventory:

Hand Weapons
 a - a +0 flail of draining (weapon)
Armour
 c - a +0 buckler (worn)
 l - a scarf of resistance (worn)
 m - a +0 chain mail (worn)
 q - a +0 pair of gloves (worn)
Jewellery
 e - a ring of wizardry (right hand)
 h - an amulet of reflection (around neck)
 j - a ring of willpower (left hand)
Wands
 w - a wand of iceblast (10) (quivered)
Scrolls
 b - a scroll of acquirement {unknown}
 k - a scroll of poison
 t - a scroll of immolation {unknown}
 u - a scroll of blinking
Potions
 d - 2 potions of might
 f - 2 potions of brilliance
 g - 2 potions of haste
 i - 2 potions of resistance {unknown}
 n - a potion of invisibility {unknown}
 o - a potion of attraction {unknown}
 p - a potion of magic {unknown}
 r - 3 potions of curing
 s - 2 potions of enlightenment
 v - a potion of mutation


   Skills:
 + Level 5.9 Fighting
 + Level 4.9 Maces & Flails
 + Level 6.0 Armour
 + Level 5.9 Shields


You had 7 spell levels left.
You didn't know any spells.
Your spell library contained the following spells:

 Spells                   Type           Power      Damage    Failure   Level
 Magic Dart               Conj           0%         1d3       69%         1
 Blink                    Tloc           0%         N/A       82%         2
 Call Imp                 Summ           0%         N/A       82%         2
 Lesser Beckoning         Tloc           0%         N/A       82%         2
 Momentum Strike          Conj/Tloc      0%         3d8       82%         2
 Gell's Gravitas          Tloc           0%         N/A       96%         3
 Teleport Other           Tloc           0%         N/A       96%         3
 Dispersal                Tloc           0%         N/A       100%        6


Dungeon Overview and Level Annotations

Branches:
Dungeon (5/15)
 Temple: D:4-7

Altars:
Okawaru

Annotations:
D:5 Prince Ribbit


Innate Abilities, Weirdness & Mutations

You are immune to sickness and miasma.
Your stone body is resilient. (AC +5)
You are immune to poison.
You resist negative energy. (rN+)
You are resistant to electric shocks. (rElec)
You are resistant to unholy torment.
You are immune to petrification.


Message History

You kill the orc!
The ice beast seems less drained.
Prince Ribbit blinks!
The ice beast hits you. The ice beast freezes you. You resist.
You see here a +0 club.
You hit the ice beast but do no damage.
The ice beast is almost dead.
Prince Ribbit blinks!
The ice beast hits you but does no damage.
You barely miss the ice beast.
The ice beast is almost dead.
The ice beast hits you. The ice beast freezes you! You resist.
* * * LOW HITPOINT WARNING * * *
You hit the ice beast.
You kill the ice beast!
Prince Ribbit blinks! x2
Your Armour skill increases to level 6!
You barely miss the white imp. You block the white imp's attack.
Prince Ribbit hops awkwardly around.
You sock the white imp!
You kill the white imp!
Prince Ribbit blinks!
You see here a +0 club.
Prince Ribbit blinks!
Prince Ribbit closely misses you. You block Prince Ribbit's attack.
You see here a +0 club.
You closely miss Prince Ribbit. You block Prince Ribbit's attack.
You closely miss Prince Ribbit. You block Prince Ribbit's attack. x2
You closely miss Prince Ribbit. Prince Ribbit hits you!
* * * LOW HITPOINT WARNING * * *
You barely miss Prince Ribbit. Prince Ribbit barely misses you.
You block Prince Ribbit's attack.
You sock Prince Ribbit! You drain Prince Ribbit.
Prince Ribbit is moderately wounded.
Prince Ribbit hits you but does no damage.
Prince Ribbit catches a moth with his tongue.
Prince Ribbit hits you but does no damage.
You closely miss Prince Ribbit.
Prince Ribbit is moderately wounded.
Prince Ribbit hits you!
You die...

##+#........#
#.F.......###
#..######.# #5.## #
##...##### #...F.....
##...#.###.
#.##########..##.#...
#........@F........#.
############.........
##.###..#. #.# ...
#.# # ##.####...
###.......#
#.......#.# #.#..##.#
#


You could see Prince Ribbit (drained).

Vanquished Creatures
  Duvessa (D:4)
  2 ice beasts (D:5)
  An ogre (D:4)
  Dowan (D:4)
  A howler monkey (D:5)
  2 bombardier beetles
  Crazy Yiuf (D:4)
  An orc priest (D:3)
  Ijyb (D:5)
  2 iguanas (D:4)
  A mummy (D:5)
  8 adders
  4 gnolls (D:5)
  A white imp (D:5)
  A dart slug (D:2)
  3 ribbon worms
  4 orcs
  7 bats
  9 endoplasms
  3 giant cockroaches
  8 goblins
  10 hobgoblins
  3 jackals
  6 kobolds
  3 quokkas
  6 ball pythons
  5 frilled lizards
  A hobgoblin zombie (D:5)
  2 kobold zombies (D:5)
  An orc zombie (D:5)
  4 rats
103 creatures vanquished.

Notes
Turn   | Place    | Note
-------+----------+-------------------------------------------
     0 | D:1      | Dittersdorf the Gargoyle Fighter began the quest for the
                  | Orb.
     0 | D:1      | Reached XP level 1. HP: 14/14 MP: 1/1
   142 | D:1      | Reached XP level 2. HP: 19/19 MP: 2/2
   424 | D:1      | Reached XP level 3. HP: 23/23 MP: 3/3
   824 | D:2      | Found a faded altar of an unknown god.
  1067 | D:2      | Reached XP level 4. HP: 27/29 MP: 4/4
  1103 | D:2      | Reached skill level 4 in Armour
  1627 | D:2      | Reached XP level 5. HP: 28/33 MP: 5/5
  2239 | D:3      | Identified the +5 ring mail of Resonance {rPois}
  2843 | D:4      | Reached XP level 6. HP: 39/39 MP: 6/6
  3154 | D:4      | Noticed Duvessa
  3154 | D:4      | Noticed Dowan
  3166 | D:4      | Killed Duvessa
  3182 | D:4      | Killed Dowan
  3183 | D:4      | Reached skill level 5 in Fighting
  3183 | D:4      | Reached skill level 5 in Armour
  3335 | D:4      | Found a runed translucent door.
  3336 | D:4      | Noticed Crazy Yiuf
  3415 | D:4      | Reached skill level 5 in Shields
  3415 | D:4      | Reached XP level 7. HP: 19/44 MP: 7/7
  4206 | D:4      | Killed Crazy Yiuf
  4374 | D:5      | Entered Level 5 of the Dungeon
  4612 | D:5      | Noticed Ijyb
  4627 | D:5      | Killed Ijyb
  4657 | D:5      | Found an iron altar of Okawaru.
  4658 | D:5      | Noticed Prince Ribbit
  4691 | D:5      | Reached XP level 8. HP: 27/51 MP: 8/8
  4702 | D:5      | Reached skill level 6 in Armour
  4719 | D:5      | Slain by Prince Ribbit

Illustrated notes

Levels and vault maps discovered:
D:1:      dpeg_arrival_rhombus, layout_loops_ring
D:2:      minmay_recursive_quarters, layout_loops_ring,
          ebering_ecumenical_altar_webs, minmay_hexomino_u4
D:3:      layout_loops_corners, minmay_misc_feat_tiny
D:4:      layout_loops_corners, grunt_decor_mini_mirrors,
          uniq_crazy_yiuf_cottage, uniq_duvessa
D:5:      layout_loops_corners, general_overflow_altar,
          minmay_temple_entry_grid, serial_glass, glass_columns_a,
          glass_columns_b, minmay_strange_pillars, feat_on_display,
          minmay_strange_pillars, item_on_display_a, minmay_mini_ossuary,
          uniq_prince_ribbit1, uniq_ijyb

Skill      XL: |  1  2  3  4  5  6  7  8 |
---------------+-------------------------+-----
Armour         | 4 5 6 |  6.0
Fighting       | 4 5 |  5.9
Shields        | 4 5 |  5.9
Maces & Flails | 3 4 |  4.9

Action                     |  1- 3 |  4- 6 |  7- 9 || total
---------------------------+-------+-------+-------++-------
  Melee: Flail             |   105 |   195 |   115 ||   415
    Use: Scroll            |       |    10 |     3 ||    13
 Armour: Scale mail        |    65 |     9 |       ||    74
         Chain mail        |       |   178 |    72 ||   250
  Dodge: Dodged            |    53 |   109 |    35 ||   197
  Block: Buckler           |    24 |    57 |    56 ||   137
         Reflection        |       |       |     1 ||     1

Table legend: (Time is in decaauts)
 A = Elapsed time spent in this place.
 B = Non-inter-level travel time spent in this place.
 C = Inter-level travel time spent in this place.
 D = Time resting spent in this place.
 E = Time spent auto-exploring this place.
 F = Levels seen in this place.
 G = Mean time per level.
                   A        B        C        D        E       F      G
               +--------+--------+--------+--------+--------+-----+--------+
         Total |   4830 |   4532 |    298 |    447 |   3131 |   5 |  966.0 |
       Dungeon |   4830 |   4532 |    298 |    447 |   3131 |   5 |  966.0 |
               +--------+--------+--------+--------+--------+-----+--------+

Top non-repeatable levels by time:
     D:4: 1500 daAuts
     D:2: 1122 daAuts
     D:3: 979 daAuts
     D:1: 867 daAuts
     D:5: 361 daAuts
